 Dungeon Crawl Stone Soup version 0.26-a0-971-g1d9d62bb61 (webtiles) character file.

Game seed: 13653940616600645055

184 tzalcoatl the Cutter (level 5, -5/36 HPs)
             Began as a Halfling Abyssal Knight on Dec 4, 2020.
             Was a Believer of Lugonu.
             Shot with an arrow by a centaur (12 damage)
             ... on level 4 of the Dungeon.
             The game lasted 00:23:40 (4857 turns).

tzalcoatl the Cutter (Halfling Abyssal Knight)      Turns: 4857, Time: 00:23:41

Health: -5/36      AC: 12    Str: 14    XL:     5   Next: 96%
Magic:  7/7        EV:  9    Int: 10    God:    Lugonu [**....]
Gold:   100        SH:  0    Dex: 14    Spells: 4/4 levels left

rFire    . . .     SeeInvis .   a - +1 short sword
rCold    + . .     Faith    .   (shield restricted)
rNeg     . . .     Spirit   .   m - +0 chain mail
rPois    .         Reflect  .   h - +0 helmet
rElec    .         Harm     .   n - +0 cloak
rCorr    .         Rampage  .   f - +0 pair of gloves
MR       .....                  (no boots)
Stlth    ..........             (no amulet)
HPRegen  0.12/turn              q - ring of protection from cold
MPRegen  0.10/turn              (no ring)

@: no status effects
A: small, mutation resistance 1
a: Depart the Abyss, Bend Space, Renounce Religion


You were on level 4 of the Dungeon.
You worshipped Lugonu.
Lugonu was pleased with you.
You visited 1 branch of the dungeon, and saw 4 of its levels.
You visited the Abyss 1 time.

You collected 212 gold pieces.
You spent 112 gold pieces at shops.

Inventory:

Hand Weapons
 a - a +1 short sword (weapon)
 k - a +1 vorpal falchion
Missiles
 b - 12 poisoned darts (quivered)
 d - 63 stones
 e - 2 boomerangs
 r - 13 sling bullets
Armour
 f - a +0 pair of gloves (worn)
 h - a +0 helmet (worn)
 m - a +0 chain mail (worn)
 n - a +0 cloak (worn)
Jewellery
 q - a ring of protection from cold (left hand)
Scrolls
 j - a scroll of remove curse
 l - a scroll of magic mapping {unknown}
 o - a scroll of immolation {unknown}
 s - 2 scrolls of enchant weapon
Potions
 c - 3 potions of curing
 g - a potion of invisibility {unknown}
 i - 2 potions of mutation {unknown}
 p - a potion of resistance {unknown}
 t - a potion of heal wounds


   Skills:
 - Level 3.0 Fighting
 * Level 3.9 Short Blades
 * Level 3.6 Armour
 * Level 2.6 Dodging
 + Level 1.6 Stealth
 + Level 2.8 Invocations


You had 4 spell levels left.
You didn't know any spells.
Your spell library was empty.

Dungeon Overview and Level Annotations

Branches:
Dungeon (4/15)
 Temple: D:4-7

Altars:

Shops:
D:4 !}[

Annotations:
D:4 Grinder


Innate Abilities, Weirdness & Mutations

You are small and have problems with some larger weapons.
You are somewhat resistant to further mutation.


Message History

The centaur shoots an arrow.
The arrow hits you!
You see here an arrow.
The centaur shoots an arrow.
The arrow hits you.
The centaur shoots an arrow.
The arrow barely misses you.
You see here an arrow.
You see here a +0 dagger.
The centaur shoots an arrow.
The arrow hits you!
* * * LOW HITPOINT WARNING * * *
You see here an arrow.
The centaur shoots an arrow.
The arrow hits you.
* * * LOW HITPOINT WARNING * * *
You see here an arrow.
The centaur shoots an arrow.
The arrow hits you.
* * * LOW HITPOINT WARNING * * *
You see here an arrow.
The centaur shoots an arrow.
The arrow hits you but does no damage.
You see here an arrow.
The centaur shoots an arrow.
The arrow closely misses you.
The centaur shoots an arrow.
The arrow hits you!
You die...

.....
#....#.........#######
.... #.#c.#.........# #
### #)#..#.........# #
#(##.##........# #
#(##.##........# .## #
#######(##.##.###.####....
.
........(...............##
#
..........................
.
........##.@#.###.#####.##
##########..........).....
######..#.###.#####.####
...........# #.# #.##<.
#########..# #.# #.####
#..# #.# #.# #..# #.# #.#
###..###.# #.#
##########...>....#
###.####


You could see a centaur.

Vanquished Creatures
  A centaur skeleton (D:3)
  A worker ant (D:4)
  The ghost of marklar909 the Sneak, a weakling TrDe (D:3)
  2 adders (D:2)
  2 worms
  A dart slug (D:2)
  4 leopard geckos (D:1)
  7 orcs
  4 giant cockroaches
  7 goblins
  7 hobgoblins
  3 jackals (D:3)
  9 kobolds
  2 quokkas (D:2)
  6 bats
  3 frilled lizards
  A jackal skeleton (D:3)
  2 leopard gecko skeletons (D:3)
  12 rats
75 creatures vanquished.

Notes
Turn   | Place    | Note
-------+----------+-------------------------------------------
     0 | Abyss:1  | tzalcoatl the Halfling Abyssal Knight began the quest for
                  | the Orb.
     0 | Abyss:1  | Reached XP level 1. HP: 15/15 MP: 2/2
    77 | Abyss:1  | Noticed a tentacled starspawn
    78 | D:1      | Escaped the Abyss
   256 | D:1      | Reached * piety under Lugonu
   263 | D:1      | Reached XP level 2. HP: 8/20 MP: 3/3
   627 | D:1      | Reached XP level 3. HP: 24/25 MP: 4/4
  1456 | D:2      | Reached skill level 1 in Stealth
  1457 | D:2      | Reached XP level 4. HP: 6/31 MP: 5/5
  3090 | D:3      | Reached ** piety under Lugonu
  3176 | D:3      | Found a transporter.
  3176 | D:3      | Noticed marklar909's ghost (weakling TrDe)
  3214 | D:3      | Found a transporter.
  3328 | D:3      | Reached XP level 5. HP: 32/36 MP: 6/6
  3713 | D:3      | Killed marklar909's ghost
  4061 | D:4      | Found Degaij's Distillery.
  4216 | D:4      | Bought a potion of curing for 42 gold pieces
  4216 | D:4      | Bought a potion of heal wounds for 70 gold pieces
  4237 | D:4      | Noticed Grinder
  4248 | D:4      | Paralysed by Grinder for 5 turns
  4715 | D:4      | Found Acutzona's Gadget Boutique.
  4716 | D:4      | Found Daras's Armour Shop.
  4842 | D:4      | Noticed a centaur
  4857 | D:4      | Shot with an arrow by a centaur

Illustrated notes

Levels and vault maps discovered:
D:1:      wheals_arrival_shading, layout_basic
D:2:      layout_basic
D:3:      layout_basic, gammafunk_ghost_mausoleum
D:4:      layout_basic, serial_shops, nicolae_shop_crystal, nicolae_shop_stone,
          shop_statue, shop, nemelex_diamond_rough_becter, uniq_grinder

Skill      XL: |  1  2  3  4 |
---------------+-------------+-----
Short Blades   | 3 |  3.9
Fighting       | 3 |  3.0
Stealth        | 1 |  1.6
Dodging        | 2 |  2.6
Armour         | 3 |  3.6
Invocations    | |  2.8

Action                   |  1- 3 |  4- 6 || total
-------------------------+-------+-------++-------
Melee: Short sword       |   128 |   179 ||   307
Throw: Boomerang         |       |    13 ||    13
       Dart              |       |    19 ||    19
Invok: Depart the Abyss  |     1 |       ||     1
       Bend Space        |       |     2 ||     2
  Use: Scroll            |     1 |     3 ||     4
       Potion            |     1 |       ||     1
 Stab: Sleeping          |     1 |       ||     1
Armor: Leather armour    |    24 |     1 ||    25
       Chain mail        |       |    59 ||    59
       Ring mail         |       |     9 ||     9
Dodge: Dodged            |   109 |    80 ||   189

Table legend: (Time is in decaauts)
 A = Elapsed time spent in this place.
 B = Non-inter-level travel time spent in this place.
 C = Inter-level travel time spent in this place.
 D = Time resting spent in this place.
 E = Time spent auto-exploring this place.
 F = Levels seen in this place.
 G = Mean time per level.
                   A        B        C        D        E       F      G
               +--------+--------+--------+--------+--------+-----+--------+
         Total |   4843 |   4720 |    123 |   1336 |   2409 |   5 |  968.6 |
       Dungeon |   4765 |   4642 |    123 |   1336 |   2334 |   4 | 1191.2 |
         Abyss |     78 |     78 |      0 |      0 |     75 |   1 |   78.0 |
               +--------+--------+--------+--------+--------+-----+--------+

Top non-repeatable levels by time:
     D:1: 1735 daAuts
     D:2: 1265 daAuts
     D:3: 1260 daAuts
     D:4: 504 daAuts
 Abyss:1: 78 daAuts
